 Dungeon Crawl Stone Soup version 0.27.0-1-g7a089689b8 (console) character file.

Game seed: 13564197726504265741

1190 Banquo the Magician (level 8, -5/58 HPs)
             Began as a Djinni Venom Mage on Aug 1, 2021.
             Killed from afar by a white imp (9 damage)
             ... with a puff of frost
             ... on level 6 of the Dungeon.
             The game lasted 00:20:32 (8879 turns).

Banquo the Magician (Djinni Venom Mage)             Turns: 8879, Time: 00:20:33

Health: -5/58      AC:  3    Str:  7    XL:     8   Next: 71%
Gold:   300        EV: 12    Int: 26    God:
                   SH:  0    Dex: 13

rFire    + + .     SeeInvis +   b - +0 spear (flame)
rCold    x . .     Faith    .   (no shield)
rNeg     + . .     Spirit   .   A - +0 robe {rN+}
rPois    ∞         Reflect  .   (no helmet)
rElec    .         Harm     .   (no cloak)
rCorr    .         Rampage  .   g - +0 pair of gloves
Will     .....                  (boots unavailable)
Stlth    ++........             (no amulet)
HPRegen  0.19/turn              e - +6 ring of intelligence
MPRegen  0.00/turn              S - ring of see invisible

@: flying
A: sickness immunity, fire resistance 2, cold vulnerability 1, float, innate
caster, hp casting, extra vitality 1
a: no special abilities


You were on level 6 of the Dungeon.
You visited 1 branch of the dungeon, and saw 6 of its levels.

You collected 300 gold pieces.

Inventory:

Hand Weapons
 a - a +2 dagger of draining
 b - a +0 spear of flaming (weapon)
 c - a +0 dagger
 k - a +2 hunting sling of freezing
 x - a +0 rapier
Missiles
 h - 158 stones
 m - 29 sling bullets
 o - 4 boomerangs
Armour
 d - a +0 robe
 g - a +0 pair of gloves (worn)
 s - a +1 ring mail of fire resistance
 A - a +0 robe of positive energy (worn)
Magical Staves
 f - a staff of earth
Jewellery
 e - a +6 ring of intelligence (left hand)
 v - a +6 ring of dexterity
 S - a ring of see invisible (right hand)
Wands
 q - a wand of iceblast (5)
 u - a wand of digging (4)
 y - a wand of paralysis (11)
Scrolls
 i - 7 scrolls of identify {unknown}
 j - a scroll of fear {unknown}
 l - 3 scrolls of silence {unknown}
 w - 4 scrolls of teleportation {unknown}
 z - a scroll of immolation {unknown}
 B - a scroll of enchant armour {unknown}
 C - 2 scrolls of blinking {unknown}
 E - a scroll of amnesia {unknown}
Potions
 n - a potion of lignification {unknown}
 p - 5 potions of curing {unknown}
 r - a potion of attraction {unknown}
 t - a potion of might {unknown}
 D - a potion of flight {unknown}
 F - a potion of degeneration {unknown}
 G - a potion of resistance {unknown}
 H - a potion of brilliance {unknown}


   Skills:
 * Level 4.0 Fighting
 - Level 2.1 Dodging
 - Level 1.5 Stealth
 + Level 7.2 Spellcasting


You had 5 spell levels left.
You knew the following spells:

 Your Spells              Type           Power      Damage    Failure   Level
a - Sting                 Tmut/Pois      100%       1d8       1%          1
b - Sandblast             Erth           94%        2d19      1%          1
c - Mephitic Cloud        Conj/Pois/Air  47%        N/A       1%          3
f - Frozen Ramparts       Ice            94%        1d11      1%          3
i - Call Imp              Summ           47%        N/A       1%          2
z - Poisonous Vapours     Pois/Air       94%        N/A       1%          2
O - Olgreb's Toxic Radia  Pois           47%        N/A       3%          4
Your spell library was empty.

Dungeon Overview and Level Annotations

Branches:
Dungeon (6/15)
 Temple: D:4-7

Altars:
Qazlal

Shops:
D:2 :   D:5 (


Innate Abilities, Weirdness & Mutations

You are immune to sickness and miasma.
You are immune to poison.
Your flesh is very heat resistant. (rF++)
You are vulnerable to cold. (rC-)
You float through the air rather than walking.
You learn spells naturally, not from books.
Your magical power is your life essence.
You have superior vitality. (+4 HP)


Message History

The white imp closely misses your crimson imp.
You closely miss the white imp.
The white imp is severely wounded.
Your crimson imp hits the white imp but does no damage.
Your crimson imp blinks!
The white imp gestures at your crimson imp.
The puff of frost hits your crimson imp!
Your crimson imp is frozen!
Your crimson imp barely misses the white imp.
You closely miss the white imp.
The white imp is severely wounded.
The white imp hits you but does no damage.
Your crimson imp barely misses the white imp.
You barely miss the white imp.
The white imp is severely wounded.
The white imp gestures at you. The puff of frost hits you!
You feel a terrible chill!
Your crimson imp closely misses the white imp.
You barely miss the white imp.
The white imp is severely wounded.
The white imp barely misses you.
Your crimson imp hits the white imp but does no damage.
You hit the white imp but do no damage.
The white imp is severely wounded.
The white imp gestures at you. The puff of frost hits you!!
You feel a terrible chill!
* * * LOW HITPOINT WARNING * * *
Your crimson imp barely misses the white imp.
Your crimson imp blinks!
You hit the white imp but do no damage.
The white imp is severely wounded.
The white imp gestures at you. The puff of frost misses you.
Your crimson imp closely misses the white imp.
You hit the white imp but do no damage.
The white imp is severely wounded.
The white imp puffs mist at you. The white imp gestures at you.
The puff of frost hits you!
You feel a terrible chill!
You die...

#. ##############.
#...##.........
##########...##.........
.............##........#
.......5...............#
..............).).).....
.............#....†....#
.....§.@5....####.###..#
#######5###.## #.......
#.###.# ####.... #..##..
........ ##.##...
#....#. ... .# #......
..... ...##.. .......
........ ...#..#
.#.###..


You could see a white imp (ally target) and 2 friendly crimson imps.

Vanquished Creatures
  A water moccasin (D:6)
  A necrophage (D:5)
  4 ogres
  A phantom (D:5)
  A gnoll shaman (D:6)
  4 hounds
  An orc priest (D:5)
  An iguana (D:6)
  An orc wizard (D:5)
  6 gnolls
  4 adders
  An adder skeleton (D:4)
  3 worms
  A dart slug (D:1)
  4 orcs
  7 ball pythons
  2 endoplasms (D:1)
  2 giant cockroaches (D:2)
  12 goblins
  6 hobgoblins
  4 jackals
  3 kobolds (D:1)
  4 quokkas
  9 bats
  5 frilled lizards
  2 rats (D:1)
90 creatures vanquished.

Vanquished Creatures (collateral kills)
  An ice beast (D:5)
  An ogre (D:6)
  2 phantoms (D:5)
  A water moccasin skeleton (D:5)
  A bullfrog zombie (D:6)
  2 centaur skeletons
  An adder skeleton (D:4)
  A quokka (D:4)
10 creatures vanquished.

Grand Total: 100 creatures vanquished

Notes
Turn   | Place    | Note
-------+----------+-------------------------------------------
     0 | D:1      | Banquo the Djinni Venom Mage began the quest for the Orb.
     0 | D:1      | Reached XP level 1. HP: 15/15 MP: 0/0
   252 | D:1      | Reached XP level 2. HP: 18/22 MP: 0/0
   948 | D:1      | Reached skill level 3 in Spellcasting
  1175 | D:1      | Reached XP level 3. HP: 20/26 MP: 0/0
  1175 | D:1      | Learned a level 1 spell: Sandblast
  1372 | D:1      | Reached skill level 1 in Fighting
  1841 | D:2      | Found Rumm's Book Shoppe.
  2286 | D:2      | Reached XP level 4. HP: 25/32 MP: 0/0
  2633 | D:2      | Found a stormy altar of Qazlal.
  4796 | D:4      | Reached skill level 4 in Spellcasting
  4796 | D:4      | Reached XP level 5. HP: 31/38 MP: 0/0
  4796 | D:4      | Learned a level 2 spell: Call Imp
  5630 | D:4      | Reached XP level 6. HP: 28/43 MP: 0/0
  6051 | D:5      | Entered Level 5 of the Dungeon
  6101 | D:5      | Noticed an ogre
  6204 | D:5      | Found Qox Lyif's Antique Weapon Shop.
  6207 | D:5      | Noticed a necrophage
  6226 | D:5      | Killed a necrophage
  6441 | D:5      | Noticed an ice beast
  6478 | D:5      | Noticed an ogre
  6484 | D:5      | Killed an ogre
  6485 | D:5      | Reached skill level 5 in Spellcasting
  6485 | D:5      | Reached XP level 7. HP: 39/49 MP: 0/0
  6485 | D:5      | Learned a level 3 spell: Frozen Ramparts
  7532 | D:5      | Reached skill level 6 in Spellcasting
  7612 | D:5      | Reached XP level 8. HP: 12/56 MP: 0/0
  8723 | D:6      | Reached skill level 7 in Spellcasting
  8879 | D:6      | Killed from afar by a white imp

Illustrated notes

Levels and vault maps discovered:
D:1:      ncdulo_smallfort, layout_loops_ring, kennysheep_doodads
D:2:      layout_basic, serial_shops, shop, basic_altar, serial_park_tiny_2
D:3:      layout_rooms
D:4:      layout_basic
D:5:      layout_loops_corners, serial_shops, shop
D:6:      layout_rooms, lemuel_temple_firewalk_a

Skill      XL: |  1  2  3  4  5  6  7  8 |
---------------+-------------------------+-----
Spellcasting   | 3 4 5 6 7 |  7.2
Fighting       | 1 2 3 4 |  4.0
Dodging        | |  2.1
Stealth        | |  1.5

Action                   |  1- 3 |  4- 6 |  7- 9 || total
-------------------------+-------+-------+-------++-------
Melee: Dagger            |     7 |    34 |    36 ||    77
       Spear             |       |       |    12 ||    12
 Cast: Sting             |    23 |    17 |     2 ||    42
       Poisonous Vapours |    52 |    69 |    11 ||   132
       Olgreb's Toxic Ra |       |     7 |    14 ||    21
       Sandblast         |       |     1 |       ||     1
       Call Imp          |       |    13 |    42 ||    55
       Mephitic Cloud    |       |     2 |     1 ||     3
       Frozen Ramparts   |       |       |     1 ||     1
 Stab: Sleeping          |     1 |     1 |       ||     2
       Distracted        |       |       |     1 ||     1
Armor: Robe              |     4 |     5 |    12 ||    21
Dodge: Dodged            |    12 |    27 |    26 ||    65
